 Dungeon Crawl Stone Soup version 0.30.0-5-g1a98f26d00 (webtiles) character file.

Game seed: 14942527584163009652

999 zazu2006 the Cruncher (level 8, -4/63 HPs)
             Began as a Gnoll Wanderer on May 10, 2023.
             Shot with an arrow by a centaur (9 damage)
             ... on level 6 of the Dungeon.
             The game lasted 00:10:00 (3534 turns).

zazu2006 the Cruncher (Gnoll Wanderer)              Turns: 3534, Time: 00:10:01

Health: -4/63      AC:  8    Str: 13    XL:     8   Next: 19%
Magic:  12/12      EV: 11    Int:  9    God:
Gold:   242        SH:  0    Dex: 15    Spells: 13/13 levels left

rFire   . . .        a - +2 quarterstaff
rCold   . . .        (shield currently unavailable)
rNeg    . . .        y - +2 scale mail {rPois}
rPois   +            (no helmet)
rElec   .            (no cloak)
rCorr   +            (no gloves)
SInv    .            (no boots)
Will    .....        (no amulet)
Stlth   +            m - ring of resist corrosion
HPRegen 0.30/turn    (no ring)
MPRegen 0.13/turn

%: no passive effects
@: no status effects
A: fangs 1, strong nose, distributed training
a: no special abilities


You were on level 6 of the Dungeon.
You visited 1 branch of the dungeon, and saw 6 of its levels.

You collected 242 gold pieces.

Inventory:

Hand Weapons
 a - a +2 quarterstaff (weapon)
 d - a +0 dagger
Missiles
 c - 5 boomerangs (quivered)
Armour
 y - a +2 scale mail of poison resistance (worn)
Jewellery
 f - a ring of poison resistance
 m - a ring of resist corrosion (left hand)
Scrolls
 b - 2 scrolls of fog
 i - 2 scrolls of identify
 j - a scroll of enchant weapon {unknown}
 l - a scroll of immolation {unknown}
 o - 2 scrolls of fear {unknown}
 p - 3 scrolls of poison
 s - a scroll of enchant armour {unknown}
 t - 2 scrolls of amnesia
 v - a scroll of magic mapping {unknown}
 A - a scroll of torment {unknown}
 B - a scroll of teleportation {unknown}
Potions
 e - a potion of lignification
 g - 2 potions of curing
 h - a potion of berserk rage {unknown}
 k - 2 potions of ambrosia {unknown}
 n - a potion of heal wounds {unknown}
 q - a potion of mutation {unknown}
 r - 2 potions of degeneration {unknown}
 w - a potion of brilliance {unknown}
 x - a potion of haste {unknown}
 z - a potion of flight {unknown}


   Skills:
 + Level 5.6 Fighting
 + Level 3.1 Short Blades
 + Level 3.1 Long Blades
 + Level 3.1 Axes
 + Level 3.1 Maces & Flails
 + Level 3.1 Polearms
 + Level 9.1 Staves
 + Level 3.1 Ranged Weapons
 + Level 4.1 Throwing
 + Level 3.1 Armour
 + Level 5.6 Dodging
 + Level 3.1 Stealth
 + Level 3.1 Shields
 + Level 3.1 Unarmed Combat
 + Level 3.1 Spellcasting
 + Level 2.5 Conjurations
 + Level 2.5 Hexes
 + Level 2.5 Summonings
 + Level 2.5 Necromancy
 + Level 2.5 Translocations
 + Level 2.5 Transmutations
 + Level 2.5 Fire Magic
 + Level 2.5 Ice Magic
 + Level 2.5 Air Magic
 + Level 2.5 Earth Magic
 + Level 2.5 Poison Magic
 + Level 3.5 Invocations
 + Level 4.1 Evocations


You had 13 spell levels left.
You didn't know any spells.
Your spell library was empty.

Dungeon Overview and Level Annotations

Branches:
Dungeon (6/15)
 Temple: D:4-7

Altars:
Qazlal


Innate Abilities, Weirdness & Mutations

You have very sharp teeth.
Your uncanny sense of smell can sniff out nearby items.
Your experience applies equally to all skills.


Message History

p - 3 scrolls of poison You open the door.
Found a scale mail.
There is an open door here.
An orc comes into view. It is wielding a +0 falchion.
Found 12 gold pieces.
The orc shouts!
Found a scroll of identify.
The orc closely misses you.
You thump the orc!
You kill the orc!
Things that are here:
a +0 falchion; a +0 ring mail A centaur comes into view.
The centaur shouts!
The centaur wields a +0 shortbow.
The centaur shoots an arrow.
The arrow hits you.
Things that are here:
a +0 falchion; a +0 ring mail The centaur shoots an arrow.
The arrow hits you!
* * * LOW HITPOINT WARNING * * *
The centaur shoots an arrow.
The arrow hits you!
* * * LOW HITPOINT WARNING * * *
It was a potion of curing.
You feel better.
The centaur shoots an arrow.
The arrow hits you.
* * * LOW HITPOINT WARNING * * *
You feel better.
Something unseen opens the door.
The centaur shoots an arrow.
The arrow hits you.
* * * LOW HITPOINT WARNING * * *
A centaur comes into view.
The centaur shoots an arrow.
The arrow closely misses you. As you open the door, it creaks loudly!
The centaur shouts!
The centaur wields a +0 shortbow.
The centaur shoots an arrow.
The arrow completely misses you.
A scorpion comes into view.
Found a fizzy grey potion.
The centaur shoots an arrow.
The arrow hits you!
* * * LOW HITPOINT WARNING * * *
The centaur shoots an arrow.
The arrow hits you!
You die...

#......#...........
#......#...........
#....[.#..>........
#......'...........
#......############
#........#...###.
#........#.......
#........#.......
#........@.......
#.....)..#!......
#........#....##.
#........#....#
#$......c#....+
#?......s#....#
#......c.'....#
#........######
#.........


You could see 2 centaurs and a scorpion.

Vanquished Creatures
  Eustachio (D:4)
  Menkaure (D:4)
  A sky beast (D:3)
  A black bear (D:4)
  2 wights (D:5)
  2 hounds
  An orc priest (D:5)
  4 iguanas
  4 gnolls (D:3)
  6 adders
  An ufetubus (D:3)
  2 worms
  A dart slug (D:5)
  9 orcs
  4 bats
  3 endoplasms
  A giant cockroach (D:4)
  8 goblins
  10 hobgoblins
  3 jackals (D:3)
  3 quokkas
  6 ball pythons
  8 frilled lizards
  10 kobolds
  5 rats
97 creatures vanquished.

Vanquished Creatures (collateral kills)
  A scorpion (D:5)
1 creature vanquished.

Vanquished Creatures (others)
  A wyvern (D:5)
  An ice beast (D:5)
  An iguana (D:5)
3 creatures vanquished.

Grand Total: 101 creatures vanquished

Notes
Turn   | Place    | Note
-------+----------+-------------------------------------------
     0 | D:1      | zazu2006 the Gnoll Wanderer began the quest for the Orb.
     0 | D:1      | zazu2006 set off with the following items: a +2
                  | quarterstaff, a scroll of fog, 8 boomerangs, a +0 dagger, a
                  | potion of lignification, a +0 leather armour.
     0 | D:1      | Reached XP level 1. HP: 20/20 MP: 1/1
   111 | D:1      | Reached XP level 2. HP: 26/26 MP: 2/2
   662 | D:2      | Found a faded altar of an unknown god.
   692 | D:2      | Reached XP level 3. HP: 31/31 MP: 3/3
   787 | D:2      | Reached skill level 1 in Invocations
   985 | D:2      | Reached skill level 1 in Short Blades
   985 | D:2      | Reached skill level 1 in Long Blades
   985 | D:2      | Reached skill level 1 in Axes
   985 | D:2      | Reached skill level 1 in Maces & Flails
   985 | D:2      | Reached skill level 1 in Polearms
   985 | D:2      | Reached skill level 1 in Ranged Weapons
   985 | D:2      | Reached skill level 1 in Armour
   985 | D:2      | Reached skill level 1 in Stealth
   985 | D:2      | Reached skill level 1 in Shields
   985 | D:2      | Reached skill level 1 in Unarmed Combat
   985 | D:2      | Reached skill level 1 in Spellcasting
  1075 | D:2      | Reached XP level 4. HP: 38/38 MP: 5/5
  1444 | D:3      | Reached skill level 1 in Conjurations
  1444 | D:3      | Reached skill level 1 in Hexes
  1444 | D:3      | Reached skill level 1 in Summonings
  1444 | D:3      | Reached skill level 1 in Necromancy
  1444 | D:3      | Reached skill level 1 in Translocations
  1444 | D:3      | Reached skill level 1 in Transmutations
  1444 | D:3      | Reached skill level 1 in Fire Magic
  1444 | D:3      | Reached skill level 1 in Ice Magic
  1444 | D:3      | Reached skill level 1 in Air Magic
  1444 | D:3      | Reached skill level 1 in Earth Magic
  1444 | D:3      | Reached skill level 1 in Poison Magic
  1618 | D:3      | Found a stormy altar of Qazlal.
  1618 | D:3      | Noticed a sky beast
  1631 | D:3      | Killed a sky beast
  1632 | D:3      | Reached XP level 5. HP: 16/43 MP: 7/7
  2011 | D:3      | Reached XP level 6. HP: 50/50 MP: 8/8
  2288 | D:4      | Reached skill level 5 in Fighting
  2288 | D:4      | Reached skill level 5 in Dodging
  2488 | D:4      | Noticed Menkaure
  2493 | D:4      | Killed Menkaure
  2494 | D:4      | Reached XP level 7. HP: 56/56 MP: 10/10
  2496 | D:4      | Noticed Eustachio
  2518 | D:4      | Killed Eustachio
  2910 | D:4      | Reached skill level 9 in Staves
  3069 | D:5      | Entered Level 5 of the Dungeon
  3280 | D:5      | Reached XP level 8. HP: 44/63 MP: 12/12
  3398 | D:5      | Noticed a wyvern
  3398 | D:5      | Noticed a two-headed ogre
  3530 | D:6      | HP: 1/63 [centaur/arrow (12)]
  3534 | D:6      | Shot with an arrow by a centaur

Illustrated notes

Levels and vault maps discovered:
D:1:      amcnicky_arrival_wind_blow, layout_loops_ring, minmay_tripent
D:2:      layout_basic, ebering_ecumenical_altar_hall
D:3:      layout_rooms, nicolae_qazlal_beasts_of_the_sky
D:4:      layout_loops_ring, uniq_eustachio, uniq_menkaure
D:5:      layout_layer_cave, zin_statuary
D:6:      layout_gridville, kennysheep_little_box, temple_doors_cd,
          nicolae_ossuary_entry_plus, minmay_manual_mess

Skill      XL: |  1  2  3  4  5  6  7 |
---------------+----------------------+-----
Invocations    | 1 2 3 |  3.5
Short Blades   | 1 2 3 |  3.1
Long Blades    | 1 2 3 |  3.1
Axes           | 1 2 3 |  3.1
Maces & Flails | 1 2 3 |  3.1
Polearms       | 1 2 3 |  3.1
Ranged Weapons | 1 2 3 |  3.1
Armour         | 1 2 3 |  3.1
Stealth        | 1 2 3 |  3.1
Shields        | 1 2 3 |  3.1
Unarmed Combat | 1 2 3 |  3.1
Spellcasting   | 1 2 3 |  3.1
Conjurations   | 1 2 |  2.5
Hexes          | 1 2 |  2.5
Summonings     | 1 2 |  2.5
Necromancy     | 1 2 |  2.5
Translocations | 1 2 |  2.5
Transmutations | 1 2 |  2.5
Fire Magic     | 1 2 |  2.5
Ice Magic      | 1 2 |  2.5
Air Magic      | 1 2 |  2.5
Earth Magic    | 1 2 |  2.5
Poison Magic   | 1 2 |  2.5
Throwing       | 3 4 |  4.1
Evocations     | 3 4 |  4.1
Fighting       | 5 |  5.6
Dodging        | 5 |  5.6
Staves         | 9 |  9.1

Action                     |  1- 3 |  4- 6 |  7- 9 || total
---------------------------+-------+-------+-------++-------
  Melee: Quarterstaff      |    47 |    99 |    95 ||   241
         Bite              |       |    15 |    19 ||    34
  Throw: Boomerang         |    45 |    47 |    12 ||   104
  Evoke: Wand              |       |       |     6 ||     6
    Use: Scroll            |       |       |     2 ||     2
         Potion            |       |       |     2 ||     2
 Armour: Leather armour    |    12 |    17 |       ||    29
         Scale mail        |       |     3 |    33 ||    36
  Dodge: Dodged            |    24 |    49 |    40 ||   113
